 Dungeon Crawl Stone Soup version 0.28.0-1-gb440e238dd (webtiles) character file.

Game seed: 7584067047776944018

339 zeram the Shield-Bearer (level 6, -4/52 (53) HPs)
             Began as a Gnoll Fighter on Feb 25, 2022.
             Slain by Jenx's ghost (13 damage)
             ... on level 3 of the Dungeon.
             The game lasted 00:03:15 (2456 turns).

zeram the Shield-Bearer (Gnoll Fighter)             Turns: 2456, Time: 00:03:16

HP:   -4/52 (53)    AC: 13    Str: 17    XL:     6   Next: 55%
MP:   9/9           EV:  5    Int:  8    God:
Gold: 102           SH:  5    Dex: 11    Spells: 9/9 levels left

rFire   . . .      SeeInvis .   a - +0 trident
rCold   . . .      Faith    .   c - +0 buckler
rNeg    . . .      Spirit   .   g - +0 plate armour
rPois   .          Reflect  .   (no helmet)
rElec   .          Harm     .   (no cloak)
rCorr   .          Rampage  .   (no gloves)
Will    .....                   (no boots)
Stlth   ..........              (no amulet)
HPRegen 0.17/turn               (no ring)
MPRegen 0.11/turn               (no ring)

@: mighty, lethally poisoned (-4 -> -27), lit by a corona, glowing, lightly
drained
A: fangs 1, strong nose, distributed training
a: no special abilities


You were on level 3 of the Dungeon.
You visited 1 branch of the dungeon, and saw 3 of its levels.

You collected 102 gold pieces.

Inventory:

Hand Weapons
 a - a +0 trident (weapon)
Armour
 b - a +0 scale mail
 c - a +0 buckler (worn)
 g - a +0 plate armour (worn)
Wands
 j - a wand of flame (29)
Scrolls
 e - 2 scrolls of identify
 f - a scroll of fog
 i - a scroll of noise
Potions
 d - a potion of might
 h - 2 potions of heal wounds


   Skills:
 + Level 6.8 Fighting
 + Level 2.0 Short Blades
 + Level 2.0 Long Blades
 + Level 2.0 Axes
 + Level 2.0 Maces & Flails
 + Level 5.0 Polearms
 + Level 2.0 Staves
 + Level 2.0 Slings
 + Level 2.0 Bows
 + Level 2.0 Crossbows
 + Level 2.0 Throwing
 + Level 6.8 Armour
 + Level 2.0 Dodging
 + Level 2.0 Stealth
 + Level 6.8 Shields
 + Level 2.0 Unarmed Combat
 + Level 2.0 Spellcasting
 + Level 1.6 Conjurations
 + Level 1.6 Hexes
 + Level 1.6 Summonings
 + Level 1.6 Necromancy
 + Level 1.6 Translocations
 + Level 1.6 Transmutations
 + Level 1.6 Fire Magic
 + Level 1.6 Ice Magic
 + Level 1.6 Air Magic
 + Level 1.6 Earth Magic
 + Level 1.6 Poison Magic
 + Level 2.2 Invocations
 + Level 2.0 Evocations


You had 9 spell levels left.
You didn't know any spells.
Your spell library contained the following spells:

 Spells                   Type           Power      Damage    Failure   Level
 Corpse Rot               Necr/Air       6%         N/A       100%        2
 Static Discharge         Conj/Air       3%         N/A       100%        2
 Sublimation of Blood     Necr           3%         N/A       100%        2
 Portal Projectile        Hex/Tloc       6%         N/A       100%        3
 Dispel Undead            Necr           3%         3d7       100%        4
 Petrify                  Tmut/Erth      3%         N/A       100%        4
 Blade Hands              Tmut           1%         N/A       100%        5
 Excruciating Wounds      Necr           1%         N/A       100%        5
 Irradiate                Conj/Tmut      1%         3d13      100%        5
 Lightning Bolt           Conj/Air       1%         1d12      100%        5
 Death Channel            Necr           1%         N/A       100%        6
 Maxwell's Capacitive Co  Air            1%         ∞         100%        8


Dungeon Overview and Level Annotations

Branches:
Dungeon (3/15)

Altars:

Annotations:
D:3 Jenx's ghost, amateur MiFi


Innate Abilities, Weirdness & Mutations

You have very sharp teeth.
Your uncanny sense of smell can sniff out nearby items.
Your experience applies equally to all skills.


Message History

The gnoll shaman is moderately wounded.
You feel sick.
The gnoll sergeant hits you from afar with a +2 spear of chaos!
* * * LOW HITPOINT WARNING * * *
The gnoll sergeant burns you.
* * * LOW HITPOINT WARNING * * *
The gnoll shaman mumbles some strange prayers to its god against you.
You are outlined in light.
You feel sick.
Okay, then.
You feel much better.
You feel sick.
The gnoll sergeant hits you from afar with a +2 spear of chaos.
You puncture the gnoll shaman! You bite the gnoll shaman.
You kill the gnoll shaman!
You feel sick.
The gnoll sergeant hits you but does no damage.
The gnoll hits you but does no damage.
Unknown command.
Reach: a) +0 trident
Press: ? - help, Dir - move target, f - gnoll
Aim: a gnoll, wielding a +0 club, wearing a ring of magical power and quivering silver javelins (about 36% to evade your +0 trident)
Okay, then.
You feel sick.
The gnoll hits you from afar with a +2 halberd of venom.
The gnoll sergeant closely misses you.
You hit the gnoll sergeant.
The gnoll sergeant is lightly wounded.
You feel sick. You block the gnoll's attack.
The gnoll sergeant hits you with a +2 spear of chaos!
You are more poisoned.
The gnoll barely misses you.
You closely miss the gnoll sergeant. Your bite misses the gnoll sergeant.
The gnoll sergeant is lightly wounded.
You feel sick.
The gnoll hits you from afar with a +2 halberd of venom!
* * * LOW HITPOINT WARNING * * *
You are lethally poisoned!
You block the gnoll sergeant's attack. The gnoll hits you but does no damage.
Jenx's ghost hits you!
You die...

#.≈≈###.##'##.###≈≈..#########
#.≈≈..#.#...#.#..≈≈...........
#.≈≈[##.'...'.##.≈≈..#####..##
####.≈≈.# #...#..#.≈≈..# #..#
...#.≈≈.## ##.##.##.≈≈..# #..#
##.#.....#.#..g#.#..≈≈..# #..#
#.#....©#.'.©.gg#©.≈≈..# #..##
#.#.....#.#8)8#g#..≈≈..# #....
#.#.≈≈.##.#####@##.≈≈..# ##†##
#.#.≈≈.#..#.:.#gW#.≈≈..# ##.##
#.#.≈≈.##.#...#g##.≈≈..#####...#
#...≈≈..#.#...#.#..≈≈..##.##...#
##...≈≈###.##'##.###≈≈..#.#.#...#
>....≈≈#...... ....#≈≈...###.#.##
####.≈≈##.###g###.##≈≈..#####..#
####.≈≈# .#8###8#..#≈≈.....###.##
.....≈≈####.....####≈≈..##.##).#.


You could see a gnoll sergeant, Jenx's ghost and 5 gnolls.

Vanquished Creatures
  Sigmund (D:2)
  A gnoll shaman (D:3)
  Terence (D:2)
  4 adders
  A gnoll (D:3)
  2 worms
  3 dart slugs
  5 orcs (D:3)
  6 ball pythons
  8 endoplasms
  5 giant cockroaches
  8 hobgoblins
  2 quokkas
  6 bats
  5 frilled lizards
  5 goblins
  4 kobolds
  3 rats
70 creatures vanquished.

Vanquished Creatures (others)
  A fungus (D:2)
  6 plants (D:3)
7 creatures vanquished.

Grand Total: 77 creatures vanquished

Notes
Turn   | Place    | Note
-------+----------+-------------------------------------------
     0 | D:1      | zeram the Gnoll Fighter began the quest for the Orb.
     0 | D:1      | Reached XP level 1. HP: 23/23 MP: 1/1
   153 | D:1      | Reached XP level 2. HP: 29/29 MP: 2/2
   579 | D:1      | Reached XP level 3. HP: 35/35 MP: 3/3
  1009 | D:2      | Noticed Terence
  1018 | D:2      | Killed Terence
  1019 | D:2      | Reached skill level 1 in Short Blades
  1019 | D:2      | Reached skill level 1 in Long Blades
  1019 | D:2      | Reached skill level 1 in Axes
  1019 | D:2      | Reached skill level 1 in Maces & Flails
  1019 | D:2      | Reached skill level 1 in Staves
  1019 | D:2      | Reached skill level 1 in Slings
  1019 | D:2      | Reached skill level 1 in Bows
  1019 | D:2      | Reached skill level 1 in Crossbows
  1019 | D:2      | Reached skill level 1 in Throwing
  1019 | D:2      | Reached skill level 1 in Dodging
  1019 | D:2      | Reached skill level 1 in Stealth
  1019 | D:2      | Reached skill level 1 in Unarmed Combat
  1019 | D:2      | Reached skill level 1 in Spellcasting
  1019 | D:2      | Reached skill level 1 in Invocations
  1019 | D:2      | Reached skill level 1 in Evocations
  1109 | D:2      | Noticed Sigmund
  1116 | D:2      | Reached XP level 4. HP: 38/41 MP: 5/5
  1129 | D:2      | Killed Sigmund
  1130 | D:2      | Reached skill level 1 in Conjurations
  1130 | D:2      | Reached skill level 1 in Hexes
  1130 | D:2      | Reached skill level 1 in Summonings
  1130 | D:2      | Reached skill level 1 in Necromancy
  1130 | D:2      | Reached skill level 1 in Translocations
  1130 | D:2      | Reached skill level 1 in Transmutations
  1130 | D:2      | Reached skill level 1 in Fire Magic
  1130 | D:2      | Reached skill level 1 in Ice Magic
  1130 | D:2      | Reached skill level 1 in Air Magic
  1130 | D:2      | Reached skill level 1 in Earth Magic
  1130 | D:2      | Reached skill level 1 in Poison Magic
  1130 | D:2      | Reached XP level 5. HP: 34/47 MP: 5/7
  1434 | D:2      | Found a faded altar of an unknown god.
  1477 | D:2      | Reached XP level 6. HP: 53/53 MP: 8/8
  2232 | D:3      | Reached skill level 5 in Polearms
  2431 | D:3      | Found a transporter.
  2442 | D:3      | Identified the +0 scale mail of Polish {rF+++ Regen+ Dex-2
                  | Stlth-}
  2447 | D:3      | Noticed Jenx's ghost (amateur MiFi)
  2456 | D:3      | Slain by Jenx's ghost

Illustrated notes

Levels and vault maps discovered:
D:1:      psy_arrival_spokes, layout_loops_corners
D:2:      wander_river, layout_basic, shapermc_ecumenical_altar_acropolis,
          st_stairs_4, uniq_sigmund, uniq_terence
D:3:      layout_loops_ring, gammafunk_ghost_gnarly_gnolls

Skill      XL: |  1  2  3  4  5  6 |
---------------+-------------------+-----
Short Blades   | 1 2 |  2.0
Long Blades    | 1 2 |  2.0
Axes           | 1 2 |  2.0
Maces & Flails | 1 2 |  2.0
Staves         | 1 2 |  2.0
Slings         | 1 2 |  2.0
Bows           | 1 2 |  2.0
Crossbows      | 1 2 |  2.0
Throwing       | 1 2 |  2.0
Dodging        | 1 2 |  2.0
Stealth        | 1 2 |  2.0
Unarmed Combat | 1 2 |  2.0
Spellcasting   | 1 2 |  2.0
Invocations    | 1 2 |  2.2
Evocations     | 1 2 |  2.0
Conjurations   | 1 |  1.6
Hexes          | 1 |  1.6
Summonings     | 1 |  1.6
Necromancy     | 1 |  1.6
Translocations | 1 |  1.6
Transmutations | 1 |  1.6
Fire Magic     | 1 |  1.6
Ice Magic      | 1 |  1.6
Air Magic      | 1 |  1.6
Earth Magic    | 1 |  1.6
Poison Magic   | 1 |  1.6
Polearms       | 5 |  5.0
Fighting       | |  6.8
Armour         | |  6.8
Shields        | |  6.8

Action                   |  1- 3 |  4- 6 || total
-------------------------+-------+-------++-------
Melee: Trident           |    95 |   123 ||   218
       Bite              |     5 |    10 ||    15
  Use: Scroll            |     3 |     2 ||     5
       Potion            |       |     3 ||     3
Armor: Scale mail        |    25 |       ||    25
       Plate armour      |     3 |    56 ||    59
Dodge: Dodged            |    36 |    21 ||    57
Block: Buckler           |    14 |    18 ||    32
